Map: 16-Bit LE

Players

uThermal

  • Race: Terran Terran
  • Spawn Location: 1:00

Lambo - Winner!

  • Race: Zerg Zerg
  • Spawn Location: 7:00

Event: WCS Valencia 2018

VOD

Have the link to the VOD?

Description

Time

  • Played on: July 12, 2018, 9:33 a.m.
  • Length: 12:48

All games in this series

Show
View Real Time Build Order
Export as new Build Order

uThermal Terran 

Build Orders: Gas First Reaper Expand, Hellion Opening, Reaper Expand, MMM Bio 

Get SALT Encoding   

  12  0:01  SCV  
  13  0:13  SCV  
  14  0:18  Supply Depot  
  14  0:25  SCV  
  15  0:30  Refinery  
  15  0:40  SCV  
  16  0:45  Barracks  
  16  0:52  SCV  
  17  1:04  SCV  
  18  1:16  SCV  
  19  1:33  Reaper, Orbital Command  
  20  1:45  Command Center  
  20  1:55  Factory  
  20  1:59  SCV  
  21  2:07  Barracks Reactor  
  21  2:11  SCV  
  22  2:16  Supply Depot  
  22  2:17  Refinery  
  22  2:24  SCV  
  23  2:37  SCV  
  24  2:46  Starport  
  24  2:49  Hellion x2, SCV  
  29  2:58  Orbital Command  
  29  3:01  SCV  
  30  3:11  Hellion x2  
  30  3:12  Barracks Tech Lab  
  34  3:17  SCV  
  35  3:25  SCV  
  36  3:29  SCV  
  37  3:34  Raven  
  37  3:37  Supply Depot, Marine  
  37  3:38  SCV  
  37  3:40  Hellion  
  43  3:42  Hellion  
  43  3:48  SCV  
  46  3:59  SCV  
  46  4:00  SCV  
  46  4:04  Hellion  
  46  4:06  Hellion  
  44  4:10  Barracks Tech Lab  
  44  4:11  SCV  
  44  4:12  SCV  
  46  4:19  Raven  
  46  4:20  Command Center  
  46  4:24  SCV x2  
  48  4:30  Stimpack, Marine  
  50  4:33  Supply Depot  
  50  4:36  SCV x2  
  52  4:47  Marine, Barracks  
  52  4:48  SCV  
  52  4:51  Factory Reactor  
  54  4:55  SCV  
  54  4:56  Barracks  
  55  5:00  SCV  
  55  5:04  Engineering Bay  
  55  5:05  Marine  
  55  5:06  Engineering Bay  
  57  5:09  Refinery x2  
  57  5:11  SCV, Starport Reactor  
  57  5:13  SCV  
  59  5:16  Supply Depot  
  59  5:23  SCV, Marine  
  59  5:25  SCV  
  62  5:32  Terran Infantry Armor Level 1, Terran Infantry Weapons Level 1  
  62  5:33  Orbital Command  
  62  5:36  SCV, Marine  
  62  5:37  SCV  
  62  5:41  Marine  
  66  5:48  SCV, Marine  
  68  5:51  SCV  
  68  5:53  Marine x2  
  68  5:54  Marine  
  68  5:56  Medivac  
  68  5:57  Barracks  
  74  5:58  Medivac, Barracks  
  76  6:05  SCV  
  76  6:06  Supply Depot, Marine, Orbital Command  
  76  6:08  Supply Depot, Marine  
  79  6:14  SCV, Marine  
  79  6:16  Marine  
  79  6:18  Marine  
  83  6:25  Supply Depot  
  83  6:26  Medivac  
  83  6:28  Siege Tank  
  83  6:30  Medivac  
  90  6:38  Armory, Combat Shields  
  90  6:39  SCV  
  91  6:40  SCV  
  91  6:42  Marine  
  91  6:46  Barracks Reactor x2  
  93  6:49  Supply Depot, SCV  
  93  6:51  SCV  
  93  6:52  SCV  
  93  6:53  Marine  
  97  7:00  Factory, Refinery  
  97  7:01  SCV  
  97  7:02  Refinery  
  97  7:03  SCV  
  97  7:04  SCV  
  97  7:05  Marine x2  
  102  7:09  Siege Tank  
  102  7:13  SCV  
  102  7:15  SCV  
  107  7:16  Medivac  
  107  7:20  Supply Depot, SCV  
  110  7:24  Marine  
  110  7:25  SCV, Marine x3  
  110  7:27  Marine x2  
  110  7:28  Hellion x2  
  117  7:32  Terran Infantry Weapons Level 2  
  117  7:33  Supply Depot  
  117  7:41  Supply Depot, Terran Infantry Armor Level 2  
  117  7:42  SCV, Marine x2  
  117  7:43  Marine  
  121  7:45  Factory Tech Lab  
  121  7:46  Supply Depot, Marine x3  
  121  7:47  Marine  
  125  7:55  SCV, Marine  
  125  7:56  SCV, Marine  
  129  8:00  Marine x2  
  129  8:01  Terran Vehicle Weapons Level 1  
  129  8:04  Supply Depot  
  129  8:05  Supply Depot, SCV  
  132  8:07  Supply Depot  
  132  8:08  Marine x2  
  132  8:11  Medivac  
  136  8:13  Medivac  
  136  8:14  Marine  
  136  8:18  Marine x2  
  137  8:27  Siege Tank  
  137  8:28  Marine x3  
  137  8:31  Marine  
  137  8:33  Supply Depot  
  147  8:36  Marine  
  147  8:40  Marine x2  
  150  8:41  Marine  
  150  8:45  Missile Turret  
  150  8:46  Thor, Missile Turret  
  151  8:49  Marine  
  151  8:51  Marine  
  146  8:56  Marine x3  
  146  8:58  Marine  
  146  9:02  Marine  
  151  9:04  Medivac, Marine  
  151  9:08  Marine  
  155  9:15  SCV x2  
  155  9:19  Missile Turret, Marine  
  155  9:22  Thor  
  152  9:32  SCV, Marine  
  152  9:34  Marine  
  152  9:35  Marine  
  155  9:40  SCV  
  155  9:41  SCV  
  155  9:43  Medivac x2, Marine x3  
  155  9:44  Siege Tank  
  167  9:50  Marine  
  167  9:52  Marine  
  168  9:53  Marine  
  169  10:00  Marine x2  
  169  10:01  Marine x3  
  169  10:05  Supply Depot, Siege Tank  
  175  10:09  Marine x2  
  175  10:14  Marine  
  178  10:21  Sensor Tower  
  178  10:23  Marine  
  178  10:26  Thor, Marine x2, Supply Depot  
  178  10:27  Supply Depot  
  178  10:28  Marine x2  
  188  10:31  Liberator  
  188  10:34  Marine  
  189  10:43  Liberator  
  189  10:48  Marine x6  
  195  10:54  Marine x3  
  166  11:05  Marine x4  
  166  11:10  Marine  
  171  11:14  Liberator  
  171  11:16  Marine x4  
  175  11:23  Marine  
  176  11:26  Liberator  
  176  11:27  Marine x2  
  176  11:32  Marine x2  
  181  11:37  Siege Tank  
  186  11:40  Siege Tank  
  186  11:44  Marine  
  186  11:45  Marine x2  
  194  11:47  Marine  
  194  11:55  Marine x2  
  193  12:01  Marine  
  193  12:02  Marine x2  
  193  12:04  Marine x2  
  193  12:05  Marine  
  199  12:09  Siege Tank  
  199  12:13  Marine x3  
  162  12:19  Marine x3  
  162  12:22  Marine x3  
Show
View Real Time Build Order
Export as new Build Order

Lambo Zerg - Winner!

Build Orders: Hatch First, Muta Ling Bane 

Get SALT Encoding   

  12  0:00  Drone  
  13  0:12  Overlord  
  13  0:17  Drone  
  14  0:31  Drone x2  
  16  0:50  Hatchery  
  16  0:53  Drone  
  16  0:56  Drone  
  17  1:00  Drone  
  18  1:10  Extractor  
  17  1:15  Spawning Pool  
  16  1:18  Drone  
  16  1:22  Drone  
  18  1:29  Drone  
  19  1:39  Drone  
  20  1:51  Overlord  
  20  2:00  Drone  
  21  2:01  Queen x2  
  21  2:02  Zergling x2  
  26  2:11  Zergling x2  
  26  2:14  Drone  
  28  2:26  Hatchery  
  28  2:29  Drone  
  28  2:35  Drone x2  
  30  2:37  Drone  
  30  2:43  Metabolic Boost  
  31  2:46  Drone  
  32  2:55  Overlord  
  32  2:56  Drone  
  33  3:00  Drone  
  33  3:05  Drone  
  35  3:13  Queen  
  35  3:14  Drone x2  
  35  3:17  Drone  
  35  3:18  Drone  
  35  3:19  Drone  
  42  3:21  Drone  
  43  3:28  Extractor, Queen  
  43  3:31  Overlord  
  46  3:41  Zergling x8  
  46  3:43  Zergling x2  
  50  3:49  Queen  
  50  3:51  Drone  
  54  3:55  Drone x4  
  54  4:01  Drone x2  
  54  4:06  Drone  
  54  4:07  Spore Crawler  
  52  4:11  Drone x2  
  56  4:17  Drone  
  56  4:23  Overlord  
  56  4:25  Drone  
  56  4:26  Overlord  
  57  4:32  Overlord  
  57  4:39  Overlord  
  57  4:41  Queen  
  57  4:43  Zergling x4  
  57  4:44  Drone x2  
  63  4:47  Lair, Evolution Chamber  
  63  4:48  Evolution Chamber, Drone  
  63  4:49  Drone x2  
  63  4:51  Drone x2  
  66  4:53  Drone  
  66  4:56  Drone  
  66  4:59  Drone x2  
  69  5:03  Drone x2  
  69  5:04  Drone  
  69  5:06  Drone  
  73  5:10  Queen  
  73  5:12  Drone  
  73  5:13  Extractor  
  76  5:14  Drone x2  
  76  5:15  Extractor  
  76  5:16  Drone  
  76  5:17  Extractor  
  76  5:22  Zerg Ground Armor Level 1  
  76  5:24  Drone x2  
  76  5:27  Drone  
  76  5:28  Drone x2  
  79  5:29  Zerg Melee Weapons Level 1  
  79  5:31  Drone  
  79  5:32  Drone  
  81  5:35  Overlord  
  81  5:41  Overlord  
  81  5:43  Extractor  
  81  5:44  Extractor  
  81  5:46  Baneling Nest  
  81  5:47  Drone x2  
  80  5:50  Drone  
  80  5:52  Overlord  
  81  5:58  Overlord, Hatchery  
  81  6:01  Drone x2  
  81  6:02  Drone  
  83  6:06  Spire  
  83  6:09  Drone x2  
  84  6:15  Drone  
  84  6:16  Drone x4  
  84  6:19  Drone  
  84  6:20  Drone  
  84  6:24  Zergling x6  
  89  6:29  Baneling x2  
  89  6:30  Baneling x4  
  89  6:31  Zergling x4  
  89  6:32  Zergling x4  
  93  6:36  Zergling x6  
  93  6:39  Zergling x4  
  98  6:42  Zergling x6  
  98  6:46  Zergling x6, Spore Crawler  
  103  6:48  Baneling x3  
  103  6:55  Zergling x6  
  106  7:06  Drone x6  
  106  7:07  Baneling  
  106  7:08  Baneling x2  
  112  7:11  Spore Crawler  
  112  7:14  Zergling x2  
  112  7:15  Overlord x3  
  112  7:16  Overlord x3  
  112  7:18  Centrifical Hooks  
  112  7:25  Zerg Flyer Weapons Level 1  
  112  7:35  Baneling x2  
  112  7:39  Drone x5  
  112  7:40  Mutalisk x6  
  126  7:44  Mutalisk x2  
  126  7:47  Baneling  
  126  7:48  Mutalisk  
  126  7:49  Overseer  
  132  7:51  Zergling x4  
  132  7:52  Zergling x2  
  132  7:55  Overlord  
  135  8:01  Drone  
  135  8:02  Extractor  
  135  8:10  Drone  
  135  8:11  Spore Crawler  
  135  8:12  Overlord, Queen  
  135  8:13  Zergling x8  
  135  8:17  Zergling x6  
  135  8:18  Hatchery, Baneling x2  
  142  8:21  Zergling x2  
  142  8:25  Zergling x2  
  143  8:28  Zerg Ground Armor Level 2, Zerg Melee Weapons Level 2  
  143  8:30  Drone x2  
  145  8:36  Overlord x3  
  145  8:38  Zergling x2  
  145  8:39  Zergling x2  
  145  8:40  Baneling x4  
  147  8:45  Zergling x8  
  151  8:55  Overlord x2  
  147  8:59  Mutalisk x5  
  147  9:02  Mutalisk x2  
  157  9:11  Overlord  
  157  9:14  Zergling x2  
  157  9:15  Zergling x20  
  167  9:21  Drone x2  
  166  9:25  Overseer, Infestation Pit  
  166  9:29  Zergling x12  
  171  9:34  Zergling x10  
  171  9:37  Baneling x5  
  171  9:38  Zergling x8  
  179  9:43  Zergling x4  
  179  9:44  Zergling x2  
  182  9:49  Mutalisk x2  
  186  9:55  Mutalisk x4  
  186  9:57  Zergling x6  
  197  10:02  Zergling x4  
  198  10:23  Hive  
  198  10:28  Baneling  
  198  10:29  Baneling x6  
  198  10:35  Baneling  
  198  10:36  Baneling x9  
  198  10:39  Baneling  
  198  10:41  Zergling x2  
  198  10:42  Zergling x2  
  198  10:55  Zergling x30  
  198  10:56  Zergling x28  
  186  10:59  Mutalisk x4  
  186  11:01  Baneling x10  
  186  11:03  Zergling x8  
  198  11:07  Zergling x2  
  198  11:08  Zergling x2  
  200  11:12  Baneling  
  200  11:13  Baneling  
  199  11:25  Baneling x12  
  198  11:32  Zergling x4  
  200  11:33  Baneling x8  
  200  11:41  Overseer  
  192  11:53  Zergling x20  
  200  12:01  Zergling x8  
  199  12:04  Baneling x16  
  199  12:05  Zergling x2  
  200  12:11  Zergling x2  
  200  12:12  Zergling x34  
  187  12:17  Mutalisk x2  
  187  12:21  Zergling x2  
  190  12:28  Zergling x14  
  177  12:31  Zergling x6  
Tags
 
Add a new tag
Caveats
  • Supply blocks, unpowered buildings, or Contaminate may cause inaccurate times.
  • Supply counts are checked every 10 seconds.